cohdb
Replays
Latest Replays
All Replays
Popular Replays
Top Player Replays
Match Explorer
How It Works
Community
CoH3 Stats
Reddit
Sign in to upload your games and track your stats! →
Sign in with Steam
Match 43672514
Unlisted
Match 43672514
Overview
Messages
Build Orders
End
Construct Barracks
Selects Advanced Infantry Battlegroup
Riflemen Squad
M1 Mortar Team
Riflemen Squad
Selects Artillery Observers
Infantry Support Center
Selects Convert to Ranger Squad
Convert to Ranger Squad
Selects Frontline Medical Station
Convert to Ranger Squad
Frontline Medical Station
Advanced Logistics
Ranger Squad
Engineer Squad
Survival Training
Munitions Surplus
.30 cal Machine Gun
.30 cal Machine Gun
Selects Ranger Weapon Training
Mortar Pit
Ranger Squad
Construct Weapon Support Center
Selects M2A1 105mm Howitzer Emplacement
Selects Free Fire Drills
Improved M9 Bazooka Rockets
Frontline Medical Station
Engineer Squad
Construct Tank Depot
M4(105) Sherman Bulldozer
M18 Hellcat Tank Destroyer
Acelguita
safado
Stalin
hogarthw
Petter
ChaosRising10
cc<
只要平凡
0
0
Comments
sign in to comment!
No comments posted yet!